 Dungeon Crawl Stone Soup version 0.29.0-4-gdea44cf6ec (webtiles) character file.

Game seed: 17097063557749704518

1207 qw the Chopper (level 8, -1/49 HPs)
             Began as a Gargoyle Fighter on Sept 8, 2022.
             Was an Initiate of Okawaru.
             Slain by a two-headed ogre
             ... wielding a +0 giant club
              (7 damage)
             ... on level 6 of the Dungeon.
             The game lasted 00:02:25 (6278 turns).

qw the Chopper (Gargoyle Fighter)                   Turns: 6278, Time: 00:02:25

Health: -1/49      AC: 18    Str: 21    XL:     8   Next: 45%
Magic:  5/8        EV:  8    Int: 10    God:    Okawaru [......]
Gold:   307        SH: 11    Dex:  9    Spells: 7/7 levels left

rFire   . . .      SeeInvis .   Y - +0 war axe (flame)
rCold   . . .      Faith    .   s - +0 kite shield
rNeg    + . .      Spirit   .   j - +0 chain mail
rPois   inf        Reflect  .   (no helmet)
rElec   +          Harm     .   (no cloak)
rCorr   .          Rampage  .   (no gloves)
Will    .....                   g - +1 pair of boots
Stlth   ..........              e - amulet of the acrobat
HPRegen 0.16/turn               (no ring)
MPRegen 0.11/turn               (no ring)

@: heroic
A: sickness immunity, AC +5, negative energy resistance 1, electricity
resistance, torment resistance 1, petrification resistance
a: Renounce Religion


You were on level 6 of the Dungeon.
You worshipped Okawaru.
Okawaru was noncommittal.
You visited 2 branches of the dungeon, and saw 7 of its levels.

You collected 307 gold pieces.


Innate Abilities, Weirdness & Mutations

You are immune to sickness and miasma.
Your stone body is resilient. (AC +5)
You are immune to poison.
You resist negative energy. (rN+)
You are resistant to electric shocks. (rElec)
You are resistant to unholy torment.
You are immune to petrification.


   Skills:
 - Level 5.0(10.0) Fighting
 - Level 7.0(12.0) Axes
 - Level 3.2(8.2) Armour
 - Level 1.2(6.2) Dodging
 + Level 6.3(11.3) Shields
 - Level 1.2 Invocations


You had 7 spell levels left.
You didn't know any spells.
Your spell library was empty.

Inventory:

Hand Weapons
 Y - a +0 war axe of flaming (weapon)
Armour
 g - a +1 pair of boots (worn)
 j - a +0 chain mail (worn)
 s - a +0 kite shield (worn)
Jewellery
 e - an amulet of the acrobat (around neck)
Scrolls
 a - a scroll of identify
 q - a scroll of blinking
Potions
 d - a potion of might
 i - a potion of mutation {unknown}
 l - 3 potions of attraction
 m - a potion of haste {unknown}
 r - a potion of experience {unknown}

Dungeon Overview and Level Annotations

Branches:
Dungeon (6/15)             Temple (1/1) D:4

Altars:
Ashenzari
Elyvilon
Fedhas
Makhleb
Nemelex Xobeh
Okawaru
Ru
Trog
Vehumet
Xom
Zin
The Shining One


Message History

You can now gain great but temporary skills.
You see here a scorpion corpse.
Found a club.
A two-headed ogre comes into view.
It is wielding a +0 giant club and a +0 giant spiked club.
6265 ||| INVOKING Heroism.
You gain the combat prowess of a mighty hero.
A two-headed ogre is nearby!
You hit the two-headed ogre. You burn the two-headed ogre.
The two-headed ogre is lightly wounded.
The two-headed ogre closely misses you. You block the two-headed ogre's attack.
You hit the two-headed ogre. You burn the two-headed ogre.
The two-headed ogre is lightly wounded.
You block the two-headed ogre's attack.
The two-headed ogre hits you with a +0 giant spiked club!!
You hear a shout!
You slash the two-headed ogre! You burn the two-headed ogre.
The two-headed ogre is moderately wounded.
An ogre comes into view. It is wielding a +0 giant club.
You hit the two-headed ogre. You burn the two-headed ogre.
The two-headed ogre is moderately wounded.
The two-headed ogre hits you with a +0 giant club!
You block the two-headed ogre's attack.
You slash the two-headed ogre! You burn the two-headed ogre.
The two-headed ogre is severely wounded.
You block the two-headed ogre's attack. The two-headed ogre barely misses you.
You barely miss the two-headed ogre.
The two-headed ogre is severely wounded.
You slash the ogre! You burn the ogre.
You feel like a meek peon again. You block the ogre's attack.
6277 ||| INVOKING Heroism.
You gain the combat prowess of a mighty hero.
You can no longer gain great but temporary skills.
The two-headed ogre hits you with a +0 giant club.
You block the two-headed ogre's attack. The ogre barely misses you.
You barely miss the two-headed ogre.
The two-headed ogre is heavily wounded.
You barely miss the ogre.
The two-headed ogre hits you with a +0 giant club!
You die...

#.......#
#.......#
#....<..###
#.........#
####.####....
#.#######.
#.%...#
#.....#
#@....#
#....OO....#
#...#......#
#.#
.......... ..
.....######
#...### ..).
#....


You could see a two-headed ogre and an ogre.

Vanquished Creatures
  A sky beast (D:4)
  3 ogres
  A phantom (D:5)
  4 scorpions
  A necrophage (D:4)
  2 hounds
  A jelly (D:5)
  4 iguanas
  Ijyb (D:4)
  3 orc wizards
  4 gnolls (D:4)
  4 adders
  A white imp (D:4)
  An ufetubus (D:5)
  2 worms (D:5)
  2 dart slugs (D:4)
  10 orcs
  10 endoplasms
  2 giant cockroaches (D:2)
  7 goblins
  13 hobgoblins
  4 jackals
  6 kobolds
  2 quokkas
  9 ball pythons
  5 bats
  5 frilled lizards
  4 rats
112 creatures vanquished.

Notes
Turn   | Place    | Note
-------+----------+-------------------------------------------
     0 | D:1      | qw the Gargoyle Fighter began the quest for the Orb.
     0 | D:1      | Reached XP level 1. HP: 14/14 MP: 1/1
     0 | D:1      | 0 ||| qw: Version: 0.1-a-111-g1c1fd2e
     0 | D:1      | 0 ||| qw: Game counter: 6624
     0 | D:1      | 0 ||| qw: Always use a shield: true
     0 | D:1      | 0 ||| qw: God list: Okawaru
     0 | D:1      | 0 ||| qw: Allow faded altars: false
     0 | D:1      | 0 ||| qw: Do Orc after D:15 true
     0 | D:1      | 0 ||| qw: Do second Lair branch before Depths: true
     0 | D:1      | 0 ||| qw: Lair rune preference: random
     0 | D:1      | 0 ||| qw: Plans: Normal, Zot, God:TSO, Crypt, Tomb, Zig,
                  | Orb
     0 | D:1      | 0 ||| PLANNING D:1-11
    60 | D:1      | Reached skill level 2 in Axes
   259 | D:1      | Reached XP level 2. HP: 18/19 MP: 2/2
   712 | D:1      | Reached skill level 3 in Axes
  1022 | D:1      | Reached XP level 3. HP: 23/23 MP: 3/3
  1162 | D:1      | 1162 ||| UPGRADING to +0 chain mail.
  1172 | D:1      | 1172 ||| DROPPING +0 scale mail.
  1173 | D:1      | 1173 ||| UPGRADING to amulet of the acrobat.
  1178 | D:1      | 1178 ||| READING 3 scrolls labelled RYNKUP YMMOGGO.
  1179 | D:1      | 1179 ||| READING scroll labelled MAWORO WORGHAU.
  1180 | D:1      | 1180 ||| READING scroll labelled HIASIOSE PITUH.
  1181 | D:1      | 1181 ||| DROPPING 2 scrolls of poison.
  1238 | D:2      | You fall into a shaft and drop 1 floor!
  1252 | D:3      | Found a faded altar of an unknown god.
  1376 | D:2      | Found a white marble altar of Elyvilon.
  1469 | D:2      | Reached XP level 4. HP: 24/28 MP: 4/4
  1874 | D:2      | 1874 ||| Stepping ~*~*~tactically~*~*~ (stealth).
  1880 | D:2      | Reached skill level 4 in Axes
  2149 | D:2      | 2149 ||| UPGRADING to +0 pair of boots.
  2154 | D:2      | 2154 ||| READING 2 scrolls labelled ESOUMOZ BOQO.
  2155 | D:2      | 2155 ||| READING 2 scrolls labelled ESELES JEGRI.
  2159 | D:2      | 2159 ||| READING scroll labelled UPASOM JEIKU.
  2207 | D:2      | 2207 ||| DRINKING 2 blue potions.
  2835 | D:3      | Found a burning altar of Makhleb.
  2845 | D:3      | 2845 ||| UPGRADING to +0 kite shield.
  2855 | D:3      | 2855 ||| DROPPING +0 buckler.
  2856 | D:3      | 2856 ||| READING scroll labelled FOZAONG IHEORGH.
  2857 | D:3      | 2857 ||| READING scroll labelled BIVEPH NYSMY.
  2882 | D:4      | 2882 ||| STAIRDANCE
  2889 | D:4      | 2889 ||| STAIRDANCE
  2896 | D:3      | Reached XP level 5. HP: 29/32 MP: 5/5
  2945 | D:4      | 2945 ||| DRINKING potion of curing.
  2945 | D:4      | 2945 ||| (to cure confusion)
  2998 | D:4      | Reached XP level 6. HP: 23/37 MP: 6/6
  3005 | D:4      | HP: 9/37 [gnoll/+0 spear (6)]
  3006 | D:4      | 3006 ||| READING 2 scrolls of teleportation.
  3370 | D:4      | Noticed a sky beast
  3386 | D:4      | 3386 ||| Stepping ~*~*~tactically~*~*~ (stealth).
  3389 | D:4      | 3389 ||| Stepping ~*~*~tactically~*~*~ (stealth).
  3403 | D:4      | Reached skill level 5 in Axes
  3675 | D:4      | Reached XP level 7. HP: 40/43 MP: 7/7
  3831 | D:4      | 3831 ||| DROPPING +0 club.
  3925 | D:4      | 3925 ||| Stepping ~*~*~tactically~*~*~ (stealth).
  3926 | D:4      | Found a staircase to the Ecumenical Temple.
  3927 | D:4      | 3927 ||| PLANNING TEMPLE
  3927 | D:4      | 3927 ||| READING scroll labelled KUXKAF FEOLIU.
  3928 | D:4      | 3928 ||| DRINKING 2 green potions.
  3929 | D:4      | 3929 ||| DROPPING potion of brilliance.
  3931 | D:4      | 3931 ||| Stepping ~*~*~tactically~*~*~ (stealth).
  3934 | D:4      | 3934 ||| Stepping ~*~*~tactically~*~*~ (hiding).
  3950 | Temple   | Entered the Ecumenical Temple
  4023 | Temple   | Became a worshipper of Warmaster Okawaru
  4032 | Temple   | 4032 ||| PLANNING D:1-11
  4128 | D:4      | Noticed Ijyb
  4129 | D:4      | 4129 ||| Stepping ~*~*~tactically~*~*~ (hiding).
  4138 | D:4      | Killed Ijyb
  4379 | D:4      | Found a sacrificial altar of Ru.
  4715 | D:4      | 4715 ||| READING scroll labelled TIURUC JOMEAMI.
  4716 | D:4      | 4716 ||| READING scroll labelled OSTUPP WAOWAM.
  4717 | D:4      | 4717 ||| DROPPING +0 flail.
  4718 | D:4      | 4718 ||| READING 2 scrolls of identify.
  4718 | D:4      | 4718 ||| IDENTIFYING glowing pink potion
  4719 | D:4      | 4719 ||| DROPPING potion of degeneration.
  4745 | D:5      | Entered Level 5 of the Dungeon
  4771 | D:5      | 4771 ||| DRINKING potion of curing.
  4771 | D:5      | 4771 ||| (to cure confusion)
  4791 | D:5      | HP: 10/43 [something (3)]
  4792 | D:5      | 4792 ||| READING scroll of teleportation.
  4793 | D:5      | HP: 4/43 [something/puff of flame (6)]
  4895 | D:5      | 4895 ||| Invisible monster not found???
  5071 | D:5      | 5071 ||| Stepping ~*~*~tactically~*~*~ (hiding).
  5083 | D:5      | Reached skill level 6 in Axes
  5163 | D:5      | Reached skill level 6 in Shields
  5236 | D:5      | Reached skill level 1 in Dodging
  5299 | D:5      | 5299 ||| Stepping ~*~*~tactically~*~*~ (stealth).
  5301 | D:5      | 5301 ||| Stepping ~*~*~tactically~*~*~ (stealth).
  5311 | D:5      | 5311 ||| Stepping ~*~*~tactically~*~*~ (stealth).
  5372 | D:5      | 5372 ||| Stepping ~*~*~tactically~*~*~ (stealth).
  5482 | D:5      | 5482 ||| READING scroll of enchant armour.
  5482 | D:5      | 5482 ||| ENCHANTING +0 pair of boots.
  5504 | D:5      | Reached XP level 8. HP: 48/48 MP: 8/8
  5557 | D:5      | Found a shimmering altar of Xom.
  5578 | D:5      | Reached skill level 7 in Axes
  5674 | D:5      | Reached * piety under Okawaru
  5743 | D:5      | 5743 ||| INVOKING Heroism.
  5753 | D:5      | Reached skill level 1 in Invocations
  6043 | D:5      | 6043 ||| INVOKING Heroism.
  6072 | D:5      | Found a radiant altar of Vehumet.
  6203 | D:5      | 6203 ||| READING scroll labelled IMITYM QUTHIU.
  6204 | D:5      | 6204 ||| DRINKING 4 fuming puce potions.
  6205 | D:5      | 6205 ||| DRINKING 2 bubbling ruby potions.
  6206 | D:5      | 6206 ||| DROPPING potion of flight.
  6249 | D:6      | 6249 ||| PLANNING OSSUARY
  6264 | D:6      | Noticed a two-headed ogre
  6265 | D:6      | 6265 ||| INVOKING Heroism.
  6274 | D:6      | HP: 11/49 [two-headed ogre/+0 giant club (16)]
  6277 | D:6      | 6277 ||| INVOKING Heroism.
  6278 | D:6      | Slain by a two-headed ogre

Levels and vault maps discovered:
D:1:      giann_horns, layout_basic, minivault_26
D:2:      layout_basic, basic_altar, minmay_nonomino_d4
D:3:      layout_loops_ring, lemuel_round_altar,
          hellmonk_ecumenical_altar_arch_garden, fountainhead
D:4:      minmay_clustersquares, layout_layer_cave, lemuel_crystal_altar,
          minmay_temple_entry_glass, uniq_ijyb
D:5:      layout_loops_ring, lemuel_doored_altar, marbit_many_paths
D:6:      layout_rooms, nicolae_gozag_seed_capital, gup_ossuary_entry_pyramid,
          uniq_sigmund
Temple:   hellmonk_temple_forest_ring

Skill      XL: |  1  2  3  4  5  6  7  8 |
---------------+-------------------------+-----
Axes           | 2 3 4 5 6 7 |  7.0
Shields        | 5 6 |  6.3
Fighting       | 4 5 |  5.0
Dodging        | 1 |  1.2
Invocations    | 1 |  1.2
Armour         | |  3.2

Action                   |  1- 3 |  4- 6 |  7- 9 || total
-------------------------+-------+-------+-------++-------
Melee: War axe           |   119 |   156 |   145 ||   420
Invok: Heroism           |       |       |     4 ||     4
  Use: Scroll            |     3 |     6 |     7 ||    16
       Potion            |       |     2 |     4 ||     6
Armor: Scale mail        |    68 |       |       ||    68
       Chain mail        |    21 |    91 |    68 ||   180
Dodge: Dodged            |    68 |    74 |    32 ||   174
Block: Buckler           |    32 |     8 |       ||    40
       Kite shield       |       |    48 |    56 ||   104

Table legend:
 A = Non-vault XP
 B = Vault XP
 C = Vault XP percentage of total XP
 D = Non-vault monster count
 E = Vault monster count
 F = Vault count percentage of total count
                 A         B        C        D         E       F
            +---------+---------+-------+---------+---------+-------
      Total |    1251 |     474 |  27.5 |      96 |      16 |  14.3
            +---------+---------+-------+---------+---------+-------
        D:1 |      39 |       0 |   0.0 |      23 |       0 |   0.0
        D:2 |      47 |       5 |   9.6 |      21 |       3 |  12.5
        D:3 |      89 |       0 |   0.0 |      13 |       0 |   0.0
        D:4 |     300 |     424 |  58.6 |      18 |      12 |  40.0
        D:5 |     697 |      45 |   6.1 |      20 |       1 |   4.8
        D:6 |      79 |       0 |   0.0 |       1 |       0 |   0.0
            +---------+---------+-------+---------+---------+-------
